 Dungeon Crawl Stone Soup version 0.21.0-3-g78d12a8 (webtiles) character file.

41 pstr the Digger (level 3, -1/28 HPs)
             Began as a Naga Earth Elementalist on Jan 17, 2018.
             Killed from afar by Sigmund (5 damage)
             ... with a magic dart
             ... on level 2 of the Dungeon.
             The game lasted 00:05:31 (2178 turns).

pstr the Digger (Naga Earth Elementalist)           Turns: 2178, Time: 00:05:32

Health: -1/28      AC:  2    Str: 10    XL:     3   Next: 52%
Magic:  1/7        EV: 10    Int: 16    God:
Gold:   87         SH:  0    Dex: 11    Spells: 3/7 levels left

rFire    . . .     SeeInvis +   (no weapon)
rCold    . . .     Gourm    .   (no shield)
rNeg     . . .     Faith    .   c - +0 robe
rPois    +         Spirit   .   (no helmet)
rElec    .         Reflect  .   (no cloak)
rCorr    .         Harm     .   (no gloves)
MR       .....                  (no barding)
Stlth    +.........             (no amulet)
HPRegen  0.09/turn              (no ring)
MPRegen  0.10/turn              (no ring)

@: confused, very slow
A: large, see invisible, deformed body, poison resistance, slowness 2, slow
metabolism 1, spit poison 1, AC +1
a: Spit Poison


You were on level 2 of the Dungeon.
You were not hungry.

You visited 1 branch of the dungeon, and saw 2 of its levels.

You collected 87 gold pieces.

Inventory:

Missiles
 b - 77 stones (quivered)
Armour
 c - a +0 robe (worn)
 g - a +0 leather armour
 l - a +0 hat
Jewellery
 k - an uncursed amulet of the gourmand {unknown}
Scrolls
 f - 2 scrolls of teleportation {unknown}
 i - 2 scrolls of identify {unknown}
Potions
 a - a potion of mutation {unknown}
 h - 2 potions of degeneration {unknown}
 j - 2 potions of might {unknown}
 m - a potion of agility {unknown}
 n - a potion of berserk rage {unknown}
 o - a potion of haste {unknown}
Books
 e - a book of Geomancy

   Spells                             Type                      Level
   a - Sandblast                      Earth                        1
   b - Passwall                       Transmutation/Earth          2
   c - Stone Arrow                    Conjuration/Earth            3
   d - Petrify                        Transmutation/Earth          4
   e - Lee's Rapid Deconstruction     Earth                        5
Comestibles
 d - 5 rations


   Skills:
 + Level 0.1 Fighting
 + Level 1.6 Dodging
 + Level 3.0 Stealth
 + Level 2.6 Spellcasting
   Level 1.0 Transmutations
 + Level 3.8 Earth Magic


You had 3 spell levels left.
You knew the following spells:

 Your Spells              Type           Power        Failure   Level  Hunger
a - Sandblast             Erth           ##....       4%          1    #......
b - Stone Arrow           Conj/Erth      #.....       26%         3    ###....


Dungeon Overview and Level Annotations

Branches:
Dungeon (2/15)

Altars:
Gozag
Nemelex Xobeh

Annotations:
D:2 Sigmund


Innate Abilities, Weirdness & Mutations

You cannot wear boots.
Your serpentine skin is tough. (AC +1)
You have supernaturally acute eyesight. (SInv)
Armour fits poorly on your strangely shaped body.
Your system is resistant to poisons. (rPois)
You cover ground very slowly.
You have a slow metabolism.
You can spit poison.


Message History

Sigmund is almost dead.
You feel slightly more hungry.
Sigmund hits you from afar with a scythe.
* * * LOW HITPOINT WARNING * * *
You have got your breath back.
Sigmund casts a spell at you. You resist with some effort.
Sigmund casts a spell at you. You resist with some effort.
Sigmund gestures at you while chanting.
You are confused.
Sigmund casts a spell at you. The magic dart hits you!
* * * LOW HITPOINT WARNING * * *
There is an escape hatch in the floor here.
You're too confused to cast spells.
You're too confused!
Sigmund points at you and mumbles some strange words.
The magic dart hits you!
You die...

...............#.#
#.#...#.#.###.
#.........##...'.#
#.#...#.......
#.........##...### #.#...#
#####. #.........###.##
#.....# #. #.........#
#.#####......# #. #.........#
#.#.....####.# #. #.........#
#.#.......... .# #.
#.........# #.#..>..######...#
#.........# #.#.@...#........#
#.........###.#....###.#######
#.........#.........##.#
#........##.#.#####@##.######
###########.#.#...............
#.#.#.###.##.#######
#.#.#.###.##.# #.#<#...#.##.#
#.#####.#.##.#


You could see Sigmund.

Vanquished Creatures
  2 worms (D:2)
  A leopard gecko (D:1)
  3 goblins (D:2)
  6 hobgoblins
  8 jackals (D:1)
  3 kobolds
  A quokka (D:2)
  A ball python (D:1)
  A bat (D:1)
  A frilled lizard (D:1)
  2 rats
29 creatures vanquished.

Notes
Turn   | Place    | Note
-------+----------+-------------------------------------------
     0 | D:1      | pstr the Naga Earth Elementalist began the quest for the Orb.
     0 | D:1      | Reached XP level 1. HP: 15/15 MP: 3/3
   329 | D:1      | Reached XP level 2. HP: 22/22 MP: 0/5
  1093 | D:2      | Reached XP level 3. HP: 28/28 MP: 3/6
  1098 | D:2      | Learned a level 3 spell: Stone Arrow
  1226 | D:2      | Found an opulent altar of Gozag.
  1226 | D:2      | Found a sparkling altar of Nemelex Xobeh.
  2160 | D:2      | Noticed Sigmund
  2178 | D:2      | Killed from afar by Sigmund

Action                   || total
-------------------------++-------
Melee: Unarmed           ||     4
 Cast: Sandblast         ||    34
       Stone Arrow       ||    11
 Abil: Spit Poison       ||    10
  Eat: Chunk             ||     5
Armor: Robe              ||     6
Dodge: Dodged            ||    51
